Map: 2000 Atmospheres LE

Players

ByuN

  • Race: Terran Terran

DPGDark (Dark) - Winner!

  • Race: Zerg Zerg

Event: TSL 8

VOD

Have the link to the VOD?

Description

Time

  • Played on: Nov. 28, 2021, 2:25 a.m.
  • Length: 14:25

All games in this series

Show
View Real Time Build Order
Export as new Build Order

ByuN Terran 

Build Orders: Banshee Rush 

Get SALT Encoding   

  12  0:00  SCV  
  13  0:12  SCV  
  14  0:17  Supply Depot  
  14  0:24  SCV  
  15  0:38  SCV  
  15  0:39  Barracks  
  16  0:43  Refinery  
  16  0:50  SCV  
  17  1:02  SCV  
  18  1:15  SCV  
  19  1:25  Marine  
  20  1:27  Orbital Command  
  20  1:38  Command Center  
  20  1:48  Factory  
  20  1:52  SCV  
  21  2:01  Refinery  
  21  2:02  Barracks Reactor  
  21  2:04  SCV  
  22  2:09  Supply Depot  
  22  2:16  SCV  
  23  2:31  SCV  
  23  2:32  Hellion  
  23  2:34  Starport  
  26  2:38  Marine x2  
  26  2:43  SCV  
  29  2:50  Orbital Command  
  29  2:55  Hellion  
  29  2:57  SCV  
  32  3:00  Marine  
  32  3:01  Marine  
  34  3:09  SCV  
  34  3:12  Medivac  
  37  3:16  SCV  
  37  3:17  Factory Tech Lab  
  37  3:19  Marine x2  
  40  3:23  SCV  
  41  3:29  Supply Depot  
  41  3:31  SCV  
  42  3:35  SCV  
  43  3:43  SCV  
  43  3:45  Hellion  
  46  3:51  Hellion, SCV  
  46  3:52  Supply Depot  
  46  3:53  Banshee  
  53  3:55  SCV  
  53  3:56  Cloaking Field  
  53  4:00  Barracks Tech Lab  
  53  4:03  SCV  
  54  4:14  SCV  
  54  4:15  Supply Depot, SCV  
  56  4:24  Stimpack  
  56  4:27  SCV  
  57  4:32  Command Center  
  57  4:36  Banshee  
  57  4:37  Factory Reactor  
  60  4:40  Marine  
  60  4:41  Supply Depot  
  60  4:42  SCV x2  
  63  4:48  Barracks  
  63  4:54  SCV x2  
  63  4:55  Barracks  
  63  4:58  Marine  
  66  5:01  Engineering Bay  
  66  5:02  Engineering Bay  
  66  5:07  SCV x2  
  68  5:10  Refinery  
  68  5:12  Refinery  
  68  5:16  Marine  
  68  5:19  SCV x2  
  71  5:28  Siege Tank  
  74  5:29  Starport Reactor  
  74  5:32  Terran Infantry Weapons Level 1  
  74  5:33  Terran Infantry Armor Level 1  
  74  5:36  SCV x2  
  74  5:42  Marine x2, Barracks  
  78  5:47  Marine, Barracks  
  79  5:51  Orbital Command  
  79  5:54  Marine x2  
  79  5:56  SCV x2  
  83  6:02  Siege Tank, Marine x2  
  88  6:08  SCV x2, Orbital Command  
  88  6:09  Supply Depot x2, Medivac  
  92  6:20  Medivac, SCV  
  92  6:21  SCV  
  92  6:22  Marine x4  
  92  6:23  Combat Shield  
  92  6:25  Marine  
  101  6:33  SCV x3  
  101  6:34  Supply Depot  
  101  6:35  Supply Depot  
  101  6:39  Barracks Reactor x2  
  104  6:43  Siege Tank  
  104  6:45  SCV  
  104  6:46  SCV x2  
  110  6:50  Marine x2  
  110  6:51  Marine x2  
  110  6:52  Marine  
  115  6:59  Supply Depot  
  115  7:00  Supply Depot, SCV x3  
  118  7:08  Missile Turret  
  118  7:09  Refinery  
  118  7:10  Refinery  
  118  7:12  SCV x3, Marine x2  
  122  7:15  Siege Tank  
  124  7:24  SCV x3  
  124  7:25  Marine  
  124  7:26  Marine x4  
  124  7:27  Marine x2  
  134  7:30  Marine  
  134  7:33  Supply Depot  
  134  7:34  Supply Depot  
  134  7:36  Supply Depot, SCV x3  
  138  7:40  Supply Depot  
  138  7:42  Armory  
  138  7:48  SCV  
  138  7:49  Marine  
  138  7:50  Marine x7  
  147  7:52  Marine  
  147  7:58  Siege Tank  
  151  8:04  Factory  
  151  8:08  SCV x3  
  154  8:18  Marine x2  
  154  8:19  Command Center, Marine x6  
  161  8:20  Marine  
  162  8:28  Terran Infantry Weapons Level 2, Terran Infantry Armor Level 2  
  162  8:30  Supply Depot x2  
  162  8:37  Siege Tank  
  164  8:41  Terran Vehicle Weapons Level 1  
  166  8:48  Marauder, Marine x2  
  166  8:49  Marine x6  
  166  8:52  Factory Tech Lab  
  166  8:53  Missile Turret  
  174  9:03  Barracks  
  174  9:04  Barracks  
  174  9:07  Barracks  
  174  9:08  Marine x4  
  174  9:09  Siege Tank, Marine x4  
  187  9:10  Marauder  
  187  9:12  Concussive Shells  
  187  9:14  Siege Tank  
  190  9:31  Marauder, Marine x5  
  192  9:32  Marine x3  
  194  9:44  Ghost Academy  
  190  9:46  SCV x3  
  190  9:49  Marine  
  190  9:50  Barracks Tech Lab  
  190  9:51  Siege Tank x2  
  200  9:53  Marauder, Barracks Tech Lab x2  
  189  10:08  Planetary Fortress  
  189  10:09  SCV x3  
  189  10:10  Viking x2  
  181  10:23  Siege Tank  
  181  10:26  Refinery  
  181  10:27  Refinery  
  184  10:30  Siege Tank  
  168  10:38  Marine x3  
  168  10:39  Marine x4  
  168  10:40  Marauder x4, Medivac x2  
  160  10:46  SCV x3  
  160  10:55  Siege Tank  
  160  10:56  Personal Cloaking  
  155  10:58  SCV x2  
  155  11:00  Ghost  
  155  11:01  Ghost x3  
  155  11:04  Siege Tank, Sensor Tower  
  168  11:27  Missile Turret  
  168  11:28  Siege Tank  
  168  11:29  Ghost x2  
  168  11:30  Command Center, Ghost  
  177  11:33  Medivac  
  177  11:34  Medivac  
  181  11:40  Missile Turret  
  181  11:46  Ghost  
  168  11:59  Command Center  
  157  12:06  Command Center  
  157  12:09  Command Center  
  157  12:12  Orbital Command  
  157  12:16  Supply Depot  
  157  12:17  Supply Depot  
  157  12:19  Supply Depot x2  
  157  12:37  Ghost x3  
  157  12:38  Ghost  
  157  12:41  Siege Tank  
  157  12:43  Orbital Command  
  168  12:45  Marine x5  
  163  13:06  Ghost x2  
  163  13:11  SCV x2  
  152  13:15  Marauder x2  
  152  13:17  Marine x2  
  139  13:33  SCV  
  117  13:35  Marauder  
  117  13:39  Marauder x3  
  118  13:42  Orbital Command  
  118  13:45  SCV  
  118  13:46  Marine x2  
  118  13:47  Marine x3  
  123  13:55  Marine x3  
  125  13:57  Marauder  
  125  14:00  Marine  
  129  14:03  Marine x2  
  129  14:04  Marine  
Show
View Real Time Build Order
Export as new Build Order

DPGDark Zerg - Winner!

Build Orders: Hatch First, Lurkers 

Get SALT Encoding   

  12  0:00  Drone  
  13  0:11  Overlord  
  13  0:16  Drone  
  14  0:30  Drone x2  
  16  0:47  Hatchery  
  15  0:50  Drone  
  15  0:54  Drone  
  18  0:57  Drone  
  18  1:07  Extractor  
  17  1:12  Spawning Pool  
  17  1:15  Drone  
  17  1:20  Drone  
  18  1:27  Drone  
  19  1:38  Drone  
  20  1:49  Drone  
  21  2:00  Queen x2  
  25  2:04  Drone  
  25  2:05  Drone  
  27  2:13  Drone  
  27  2:14  Overlord  
  28  2:21  Hatchery  
  27  2:26  Overlord  
  27  2:29  Drone  
  28  2:38  Queen  
  30  2:45  Drone x2  
  30  2:46  Drone x2  
  34  2:54  Drone x2  
  36  3:04  Overlord  
  36  3:06  Drone  
  36  3:07  Roach Warren  
  36  3:10  Drone  
  36  3:12  Drone  
  38  3:13  Drone  
  38  3:14  Queen  
  38  3:16  Drone  
  38  3:18  Drone  
  43  3:28  Overlord  
  43  3:30  Extractor  
  42  3:35  Zergling x2  
  42  3:36  Zergling x4, Queen  
  47  3:44  Overlord  
  47  3:47  Roach  
  47  3:48  Roach x3  
  55  3:56  Overlord  
  55  3:57  Roach  
  55  4:00  Drone  
  55  4:01  Lair  
  58  4:03  Drone  
  58  4:06  Roach  
  58  4:08  Drone x2  
  63  4:11  Drone  
  63  4:12  Drone  
  63  4:15  Drone  
  63  4:16  Drone  
  67  4:18  Drone  
  67  4:22  Overlord  
  68  4:24  Drone  
  68  4:26  Roach  
  68  4:27  Drone  
  72  4:32  Drone x2  
  74  4:38  Extractor  
  74  4:39  Drone, Extractor  
  74  4:42  Spore Crawler  
  74  4:43  Drone  
  73  4:46  Spore Crawler  
  73  4:48  Drone x2  
  73  4:50  Drone  
  75  4:53  Drone x2  
  75  4:59  Drone  
  78  5:00  Drone x3  
  78  5:03  Drone  
  78  5:04  Overlord  
  78  5:05  Overseer  
  82  5:08  Glial Reconstitution  
  82  5:12  Overlord  
  82  5:15  Overlord  
  82  5:17  Overlord  
  82  5:23  Drone, Overlord  
  82  5:24  Drone x2  
  82  5:26  Drone x2  
  87  5:28  Extractor  
  87  5:29  Drone  
  87  5:31  Drone, Extractor  
  87  5:33  Drone x2  
  89  5:40  Drone  
  90  5:49  Drone x5  
  96  5:50  Drone  
  96  5:51  Drone x3, Evolution Chamber  
  96  5:53  Evolution Chamber  
  96  5:54  Spore Crawler  
  96  6:04  Infestation Pit  
  96  6:05  Drone x3, Hydralisk Den  
  97  6:22  Hatchery, Roach  
  97  6:23  Roach x7  
  97  6:24  Zerg Missile Weapons Level 1  
  112  6:27  Zerg Ground Armor Level 1  
  112  6:31  Metabolic Boost  
  112  6:35  Overlord  
  112  6:41  Infestor x2  
  112  6:44  Hive  
  112  6:46  Roach x3  
  122  6:51  Lurker Den  
  121  6:56  Drone x5  
  121  6:58  Drone  
  127  7:04  Roach  
  127  7:05  Overlord  
  127  7:06  Overlord  
  129  7:10  Overlord  
  129  7:11  Overlord  
  129  7:15  Extractor  
  129  7:16  Extractor  
  129  7:17  Overlord  
  129  7:21  Zergling x6  
  130  7:27  Zergling x12  
  130  7:28  Spore Crawler  
  130  7:29  Ravager x3  
  138  7:36  Roach x4  
  146  7:48  Drone x3  
  146  7:49  Roach x4  
  146  7:50  Roach  
  159  7:58  Hydralisk x6  
  161  8:00  Adaptive Talons  
  171  8:25  Lurker x5  
  171  8:26  Hatchery  
  175  8:27  Overlord x2  
  175  8:37  Overlord  
  175  8:39  Zerg Missile Weapons Level 2, Zerg Ground Armor Level 2  
  175  8:42  Lurker  
  175  8:45  Overlord x2  
  176  8:49  Zergling x16  
  184  8:56  Zergling x6  
  184  8:57  Seismic Spines  
  184  8:58  Zergling x6  
  189  9:04  Viper x3  
  189  9:07  Zergling x2  
  199  9:21  Spore Crawler  
  199  9:22  Overseer  
  196  9:46  Hydralisk x2  
  198  10:05  Hydralisk  
  196  10:19  Hydralisk  
  196  10:20  Drone  
  164  10:39  Hydralisk x10  
  164  10:40  Hydralisk x4  
  180  10:44  Grooved Spines  
  170  11:00  Hatchery  
  170  11:01  Zerg Ground Armor Level 3, Zerg Missile Weapons Level 3  
  170  11:04  Hydralisk  
  169  11:05  Lurker  
  169  11:06  Evolution Chamber, Lurker x8, Baneling Nest  
  169  11:07  Lurker  
  169  11:08  Zergling x34  
  196  11:14  Zergling x8  
  194  11:24  Pneumatized Carapace, Overseer  
  188  11:28  Zergling x4  
  188  11:29  Zergling x4  
  188  11:30  Hydralisk x2  
  188  11:32  Drone  
  197  11:33  Drone  
  197  11:35  Zergling x2  
  193  11:52  Hydralisk x2  
  190  11:55  Muscular Augments  
  190  12:01  Hydralisk x3  
  179  12:03  Zergling x14  
  179  12:05  Lurker x6  
  179  12:06  Lurker  
  179  12:07  Zerg Melee Weapons Level 1  
  199  12:08  Zergling x2  
  200  12:29  Hydralisk  
  192  12:37  Hydralisk x2  
  192  12:40  Hydralisk x2  
  192  12:43  Zergling x4, Lurker  
  200  12:46  Centrifugal Hooks  
  200  12:50  Hatchery  
  200  12:51  Hatchery  
  196  12:57  Hydralisk x3  
  200  13:02  Burrow  
  195  13:08  Hydralisk x2  
  185  13:14  Hydralisk x4  
  185  13:16  Zergling x2  
  185  13:17  Zergling x12  
  194  13:21  Hydralisk x2  
  189  13:28  Zergling x18  
  189  13:29  Hydralisk  
  189  13:31  Hydralisk  
  189  13:32  Hydralisk x4  
  173  13:35  Hydralisk x2  
  173  13:37  Lurker x4  
  173  13:38  Zergling x14  
  173  13:40  Drone x3  
  184  13:44  Drone x2  
  184  13:45  Drone  
  184  13:47  Zergling x2  
  183  13:48  Zergling x6  
  183  13:53  Overseer  
  183  13:54  Extractor  
  184  13:56  Drone  
  184  13:58  Nydus Network, Spore Crawler  
  184  13:59  Drone  
  184  14:00  Drone x3  
  184  14:01  Extractor  
  184  14:02  Zergling x4  
  188  14:07  Drone x4  
Tags
 
Composition
Lurkers
Event
TSL 8
Matchup
TvZ
Player
ByuNDark
Strategy
Banshee Rush
Add a new tag
Caveats
  • Supply blocks, unpowered buildings, or Contaminate may cause inaccurate times.
  • Supply counts are checked every 10 seconds.